AoeStats
← jurjur.mobile

MegaRandom

510559828Analyzed
2v2 RM · 1d ago on Oct 1, 2026· 63m 45s· 4 players
Game mode
Random Map
Map size
Medium (4 player)
Population
200
Speed
Normal
Resources
Standard
Victory
Conquest
Starting age
Dark Age
Ending age
Imperial Age
RankedLock teamsTeams togetherTeam positionsShared explorationLock speedFull tech treeHidden civsTurbo modeCheats
Victory
Defeat
🇪🇸 Vikings · Spain
879
+10
🇪🇸 Bulgarians · Spain
750
+16
🇫🇷 Teutons · France
748
-13
🇹🇷 Khmer · Türkiye
741
-13
N{o}No
7:04 Loom
16:53 Feudal Age
17:17 Horse Collar
17:29 Double-Bit Axe
24:53 Castle Age
24:10 Fletching
26:07 Scale Barding Armor
26:15 Heavy Plow
27:07 Forging
28:12 Stone Mining
29:26 Chain Barding Armor
31:13 Bodkin Arrow
31:31 Bloodlines
32:22 Squires
32:08 Arson
31:43 Pikeman
34:18 Wheelbarrow
34:22 Iron Casting
35:14 Scale Mail Armor
37:37 Chain Mail Armor
38:26 Gold Mining
49:41 Imperial Age
48:45 Hand Cart
51:28 Conscription
50:29 Elite Teutonic Knight
50:37 Halberdier
51:54 Crop Rotation
51:43 Bow Saw
mehmet.eroztoprak
23:10 Feudal Age
26:13 Castle Age
27:18 Scale Barding Armor
27:25 Forging
27:18 Husbandry
35:12 Imperial Age
32:40 Double-Bit Axe
33:37 Chain Barding Armor
33:53 Iron Casting
36:39 Double Crossbow
43:18 Elite Ballista Elephant
55:13 Cavalier
Grimor91
14:13 Feudal Age
14:59 Double-Bit Axe
23:01 Castle Age
25:12 Squires
25:28 Gold Mining
25:30 Stone Mining
26:33 Pikeman
28:58 Forging
28:50 Scale Mail Armor
35:43 Stirrups
36:53 Husbandry
37:04 Bloodlines
41:06 Imperial Age
39:53 Iron Casting
39:24 Scale Barding Armor
41:15 Elite Konnik
48:54 Blast Furnace
48:15 Chain Barding Armor
56:19 Bagains
58:08 Plate Barding Armor
59:10 Horse Collar
jurjur.mobile
9:35 Loom
12:32 Feudal Age
14:47 Man-at-Arms
17:22 Horse Collar
18:09 Forging
19:48 Double-Bit Axe
20:57 Scale Mail Armor
27:02 Castle Age
28:19 Iron Casting
28:14 Squires
28:46 Gold Mining
29:45 Chieftains
30:47 Long Swordsman
34:57 Bow Saw
37:36 Gold Shaft Mining
42:17 Murder Holes
47:54 Imperial Age
47:03 Pikeman
48:49 Arson
55:34 Two-Man Saw
54:22 Two-Handed Swordsman
55:24 Elite Varangian Guard
56:28 Chain Mail Armor
57:13 Blast Furnace
56:31 Onager
59:43 Caravan
64:07 Fervor
Connection lost

Rejoining the realm…

Still unreachable

The connection could not be restored.

Session expired

The server has moved on; the page needs a fresh start.